 Dungeon Crawl Stone Soup version 0.28.0-53-g5a82cb258f (webtiles) character file.

Game seed: 9136589243901724384

20 bobregger the Skirmisher (level 2, 0/32 HPs)
             Began as an Ogre Berserker on July 31, 2022.
             Was a Follower of Trog.
             Slain by Terence
             ... wielding a +0 hand axe
              (8 damage)
             ... on level 2 of the Dungeon.
             The game lasted 00:00:52 (1306 turns).

bobregger the Skirmisher (Ogre Berserker)           Turns: 1306, Time: 00:00:52

Health: 0/32       AC:  3    Str: 20    XL:     2   Next: 79%
Magic:  2/2        EV: 10    Int:  8    God:    Trog [*.....]
Gold:   67         SH:  0    Dex:  8    Spells: 1/1 levels left

rFire   . . .      SeeInvis .   a - +0 mace
rCold   . . .      Faith    .   (no shield)
rNeg    . . .      Spirit   .   b - +0 animal skin
rPois   .          Reflect  .   (helmet restricted)
rElec   .          Harm     .   (no cloak)
rCorr   .          Rampage  .   (gloves unavailable)
Will    .....                   (boots unavailable)
Stlth   +.........              (no amulet)
HPRegen 0.10/turn               (no ring)
MPRegen 0.08/turn               (no ring)

@: on berserk cooldown, slowed, very slow
A: large, unfitting armour, tough skin 1
a: Renounce Religion, Berserk


You were on level 2 of the Dungeon.
You worshipped Trog.
Trog was aware of your devotion.
You visited 1 branch of the dungeon, and saw 2 of its levels.

You collected 67 gold pieces.

Inventory:

Hand Weapons
 a - a +0 mace (weapon)
Armour
 b - a +0 animal skin (worn)
Scrolls
 c - a scroll of blinking {unknown}
 d - a scroll of amnesia {unknown}
 f - a scroll of holy word {unknown}
Potions
 e - a potion of lignification {unknown}
 g - a potion of resistance {unknown}


   Skills:
 - Level 4.0 Fighting
 + Level 3.6 Maces & Flails
 - Level 2.6 Dodging


You had one spell level left.
You didn't know any spells.
Your spell library was empty.

Dungeon Overview and Level Annotations

Branches:
Dungeon (2/15)

Altars:

Annotations:
D:2 Terence


Innate Abilities, Weirdness & Mutations

You are too large for most types of armour.
You have tough skin. (AC +1)


Message History

You climb downwards.
Found 5 gold pieces.
There is a stone staircase leading up here.
A dart slug is nearby!
A dart slug is nearby!
The dart slug launches a dart at you. The slug dart hits you.
Terence the Incautious comes into view.
He is wielding a +0 hand axe.
Terence shouts!
A quokka comes into view.
The dart slug bites you but does no damage.
The dart slug bites you.
Found a stone staircase leading down.
The dart slug launches a dart at you. The slug dart hits you.
A red film seems to cover your vision as you go berserk!
You feel yourself moving faster!
You feel mighty! The dart slug launches a dart at you.
The slug dart misses you.
You feel a strong urge to attack something.
Terence shouts, "ATTACK!!!"
The dart slug closely misses you.
You sock the dart slug!
You kill the dart slug!
Trog accepts your kill.
You closely miss Terence. Terence hits you with a +0 hand axe.
You barely miss Terence. Terence barely misses you.
You thump Terence!
Terence is moderately wounded.
You barely miss Terence.
Terence is moderately wounded.
You are no longer berserk.
You are exhausted.
You feel yourself slow down. Terence hits you with a +0 hand axe.
You hit Terence but do no damage.
Terence is moderately wounded.
Terence hits you with a +0 hand axe!
* * * LOW HITPOINT WARNING * * *
Terence hits you with a +0 hand axe!
You die...

###### ......
......###########..
..r...#r@@........>
........#########..
.....$.........#
...............##..
...........<.......
...............##..
######.........#
#####.##### #.#


You could see Terence and a quokka.

Vanquished Creatures
  A dart slug (D:2)
  4 ball pythons (D:1)
  3 endoplasms (D:1)
  3 hobgoblins (D:1)
  2 kobolds (D:1)
  A quokka (D:1)
  A bat (D:1)
  A rat (D:1)
16 creatures vanquished.

Notes
Turn   | Place    | Note
-------+----------+-------------------------------------------
     0 | D:1      | bobregger the Ogre Berserker began the quest for the Orb.
     0 | D:1      | Reached XP level 1. HP: 24/24 MP: 1/1
   317 | D:1      | Reached XP level 2. HP: 22/32 MP: 2/2
  1288 | D:2      | Noticed Terence
  1306 | D:2      | Slain by Terence

Illustrated notes

Levels and vault maps discovered:
D:1:      dpeg_arrival_round_b, layout_loops_corners,
          chequers_serial_rivers_room_a
D:2:      layout_rooms, uniq_jessica, uniq_terence

Skill      XL: |  1 |
---------------+----+-----
Maces & Flails | 3 |  3.6
Fighting       | |  4.0
Dodging        | |  2.6

Action                   || total
-------------------------++-------
Melee: Mace              ||    57
Invok: Berserk           ||     1
Armor: Animal skin       ||    21
Dodge: Dodged            ||    33
